 Dungeon Crawl Stone Soup version 0.31-a0-875-g02e7d12df6 (webtiles) character file.

Game seed: 17893210603163302678

2 Azuregosa the Shield-Bearer (level 1, -1/11 HPs)
             Began as an Octopode Wanderer on Oct 12, 2023.
             Slain by a jackal (3 damage)
             ... on level 1 of the Dungeon.
             The game lasted 00:00:59 (38 turns).

Azuregosa the Shield-Bearer (Octopode Wanderer)       Turns: 38, Time: 00:00:59

Health: -1/11      AC:  1    Str:  7    XL:     1   Next: 30%
Magic:  2/2        EV: 12    Int: 11    God:
Gold:   14         SH:  5    Dex: 18    Spells: 1/2 levels left

rFire   . . .        a - +0 dagger
rCold   . . .        d - +0 buckler
rNeg    . . .        (helmet restricted)
rPois   .            (no amulet)
rElec   .            (no ring)
rCorr   .            (no ring)
SInv    .            (no ring)
Will    .....        (no ring)
Stlth   +++          (no ring)
HPRegen 0.21/turn    (no ring)
MPRegen 0.08/turn    (no ring)
                     (no ring)

%: no passive effects
@: no status effects
A: almost no armour, amphibious, 8 rings, camouflage 1, gelatinous body 1,
(nimble swimmer 1), tentacles
a: no special abilities


You were on level 1 of the Dungeon.
You visited 1 branch of the dungeon, and saw 1 of its levels.

You collected 14 gold pieces.

Inventory:

Hand Weapons
 a - a +0 dagger (weapon)
Missiles
 b - an atropa-tipped dart (quivered)
 c - a datura-tipped dart
Armour
 d - a +0 buckler (worn)
Scrolls
 e - a scroll of fog


   Skills:
 - Level 1.0 Throwing
 - Level 1.0 Dodging
 - Level 2.6 Stealth
 + Level 4.0 Shields
 + Level 1.1 Spellcasting
 - Level 1.0 Translocations


You had one spell level left.
You knew the following spells:

 Your Spells              Type           Power      Damage    Failure   Level
a - Apportation           Tloc           4%         N/A       32%         1

Your spell library contained the following spells:

 Spells                   Type           Power      Damage    Failure   Level
 Volatile Blastmotes      Fire/Tloc      2%         2d10      77%         3


Dungeon Overview and Level Annotations

Branches:
Dungeon (1/15)

Altars:


Innate Abilities, Weirdness & Mutations

You cannot wear most types of armour.
You are amphibious.
You can wear up to eight rings at the same time.
Your skin changes colour to match your surroundings (Stealth+).
Your rubbery body absorbs attacks. (AC +1, EV +1)
((You are camouflaged when in or above water. (Stealth+)))
You have tentacles for arms and can constrict up to eight enemies at once.


Message History

The jackal barks!
The jackal bites you. x2
You barely miss the goblin. Your grab misses the goblin.
Your squeeze misses the goblin.
The goblin shouts!
The jackal bites you. The goblin completely misses you.
The jackal attacks as it pursues you! The jackal barely misses you.
The jackal bites you. The jackal attacks as it pursues you!
You block the jackal's attack. The goblin attacks as it pursues you!
The goblin hits you with a +0 dagger. You block the jackal's attack.
You hit the jackal but do no damage. You grab the jackal.
You constrict the jackal, but do no damage.
The jackal barely misses you. The jackal closely misses you.
You block the jackal's attack. The jackal completely misses you.
You block the jackal's attack.
You hit the jackal. You squeeze the jackal.
The jackal is almost dead.
You constrict the jackal, but do no damage.
The jackal bites you. You block the jackal's attack. The jackal misses you.
The jackal escapes!
You barely miss the jackal. You grab the jackal.
The jackal is almost dead.
You constrict the jackal.
You kill the jackal!
The jackal bites you.
* * * LOW HITPOINT WARNING * * *
The jackal misses you. The jackal closely misses you.
You block the jackal's attack.
The jackal bites you but does no damage.
The jackal closely misses you. The jackal attacks as it pursues you!
The jackal closely misses you. The jackal bites you.
* * * LOW HITPOINT WARNING * * *
The jackal barely misses you. The jackal bites you.
* * * LOW HITPOINT WARNING * * *
The jackal attacks as it pursues you!
The jackal bites you but does no damage.
The jackal bites you.
You die...

#. #........... #.##
#........... .#...#
#...).....>.
......###....######.#
.##..........##### .#
........gg.......# .#
.####...#........##.###
.......hhh.......#....#
.......##@.......#....#
....##...........#....###
..##########.###.........
. #...........#+#....###
#...........# ....#
#...#..#..#.# #...#
#........°..+ ...#
#<..)....○8.# ...#
#........≈..+ ..#


You could see 3 jackals and 2 goblins.

Vanquished Creatures
  A jackal (D:1)
  A frilled lizard (D:1)
2 creatures vanquished.

Notes
Turn   | Place    | Note
-------+----------+-------------------------------------------
     0 | D:1      | Azuregosa the Octopode Wanderer began the quest for the
                  | Orb.
     0 | D:1      | Azuregosa set off with the following items: a +0 dagger, an
                  | atropa-tipped dart, a datura-tipped dart, a +0 buckler, a
                  | scroll of fog; and the following spell memorised:
                  | Apportation; and the following spells available to
                  | memorise: Volatile Blastmotes.
     0 | D:1      | Reached XP level 1. HP: 11/11 MP: 2/2
    38 | D:1      | Slain by a jackal

Illustrated notes

Levels and vault maps discovered:
D:1:      shiori_arrival_oz, layout_rooms, hellmonk_ecumenical_altar_blasted

Action                     || total
---------------------------++-------
  Melee: Dagger            ||     5
         Constrict         ||     3
         Tentacles         ||     1
 Armour: Skin              ||    12
  Dodge: Dodged            ||    11
  Block: Buckler           ||     7

Table legend: (Time is in decaauts)
 A = Elapsed time spent in this place.
 B = Non-inter-level travel time spent in this place.
 C = Inter-level travel time spent in this place.
 D = Time resting spent in this place.
 E = Time spent auto-exploring this place.
 F = Levels seen in this place.
 G = Mean time per level.
                   A        B        C        D        E       F      G
               +--------+--------+--------+--------+--------+-----+--------+
         Total |     38 |     38 |      0 |      0 |     13 |   1 |   38.0 |
       Dungeon |     38 |     38 |      0 |      0 |     13 |   1 |   38.0 |
               +--------+--------+--------+--------+--------+-----+--------+

Top non-repeatable levels by time:
     D:1: 38 daAuts
